Griffins vs Crunch
Created - June 27, 2022 at 20:20
Goals
|
| Griffins |
2 |
1 |
0 |
3 |
| Crunch |
0 |
0 |
1 |
1 |
|
Shots
|
| Griffins |
12 |
8 |
10 |
30 |
| Crunch |
5 |
12 |
3 |
20 |
|
1st period
1. Griffins , Vladislav Namestnikov 17 (Dmitri Orlov 34) at 10:15
2. Griffins , Lucas Lessio 40 (Ryan Pulock 21, Danny Kristo 44) at 14:48 (PP)
Penalties :
Dalton Smith (Syr) for Hooking (Minor) at 14:03, Dmitri Orlov (Gra) for Hooking (Minor) at 19:13
2nd period
3. Griffins , Dmitri Orlov 12 (Sonny Milano 29, Martin Frk 20) at 10:19
Penalties :
Jayson Megna (Syr) for Hooking (Minor) at 13:24, Jordan Oesterle (Syr) for Hooking (Minor) at 18:06
3rd period
4. Crunch , Michael Ferland 25 (Roman Josi 7, Josef Korenar) at 19:13
Penalties :
Garrett Wilson (Gra) for Holding (Minor) at 0:47, Jayson Megna (Syr) for Holding (Minor) at 5:40, Matt Roy (Syr) for Goalie Interference (Minor) at 12:22
Goalie Stats
Olivier Roy (Gra), 19 saves from 20 shots - (0.950), W, 27-24-5, 60:00 minutes
Josef Korenar (Syr), 27 saves from 30 shots - (0.900), L, 11-18-3, 60:00 minutes
Players Stats for Griffins
Player Name G A P +/- PIM S H SB GA TA FO MP PP MP PK MP
------------------------------------------------------------------------------------
Adam Gaudette 0 0 0 -1 0 4 0 0 1 0 0/0 16:36 3:37 0:00
Brendan Woods 0 0 0 1 0 0 1 0 0 0 2/5 13:21 0:00 2:26
Danny Kristo 0 1 1 1 0 5 1 0 1 1 1/1 20:09 4:57 0:51
Dmitri Orlov 1 1 2 1 2 1 0 0 2 0 0/0 24:29 5:31 1:21
Filip Hronek 0 0 0 0 0 1 2 1 0 0 0/0 14:41 0:00 0:42
Garrett Wilson 0 0 0 0 2 0 3 0 0 0 0/0 9:33 0:07 0:00
Greg McKegg 0 0 0 0 0 0 1 0 0 0 0/2 9:41 0:00 0:32
Ian McCoshen 0 0 0 0 0 1 0 0 0 0 0/0 13:50 0:00 0:00
Jesse Joensuu 0 0 0 -1 0 4 0 0 1 0 3/5 18:45 3:37 2:20
Lucas Lessio 1 0 1 1 0 4 3 0 1 0 0/0 19:56 4:57 0:38
Martin Frk 0 1 1 1 0 0 1 0 0 1 1/1 14:05 3:37 0:00
Mathew Barzal 0 0 0 -1 0 2 1 0 0 1 8/20 17:56 4:57 0:00
Patrick Wiercioch 0 0 0 0 0 1 0 3 0 1 0/0 17:34 0:00 1:55
Phil Oreskovic 0 0 0 0 0 0 1 0 2 0 0/0 20:55 3:10 1:55
Ryan Pulock 0 1 1 1 0 1 1 1 0 1 0/0 25:15 5:31 2:03
Sonny Milano 0 1 1 1 0 3 0 0 0 0 0/1 14:07 3:10 0:00
Troy Terry 0 0 0 0 0 1 0 0 1 1 0/0 9:27 0:07 0:00
Vladislav Namestnikov 1 0 1 1 0 2 2 0 1 0 5/11 15:40 0:07 1:09
Players Stats for Crunch
Player Name G A P +/- PIM S H SB GA TA FO MP PP MP PK MP
------------------------------------------------------------------------------------
Anatoli Golyshev 0 0 0 0 0 2 0 0 2 0 0/0 6:35 0:00 0:00
Anthony Cirelli 0 0 0 -2 0 0 2 0 0 0 0/0 19:04 1:56 2:38
Brock Boeser 0 0 0 1 0 2 1 0 0 2 1/1 19:17 2:02 4:41
Charles-Olivier Roussel 0 0 0 0 0 0 0 0 0 1 0/0 11:48 0:00 0:36
Connor Bunnaman 0 0 0 0 0 1 0 0 0 1 5/7 12:50 0:00 0:00
Dalton Smith 0 0 0 0 2 2 4 0 2 1 2/2 15:03 0:00 1:22
Denis Gurianov 0 0 0 0 0 4 0 0 0 1 0/0 12:50 0:00 0:00
Dylan Strome 0 0 0 -2 0 3 5 0 1 1 3/5 17:54 1:56 1:02
Jacob Larsson 0 0 0 0 0 0 1 1 0 0 0/0 5:42 0:00 0:00
Jared Staal 0 0 0 0 0 0 0 0 0 0 0/0 1:02 0:00 0:00
Jayson Megna 0 0 0 1 4 1 4 0 0 0 10/19 16:02 2:02 1:19
Jeremy Lauzon 0 0 0 0 0 0 0 1 0 0 0/0 5:42 0:00 0:00
Jordan Oesterle 0 0 0 0 2 0 0 1 0 1 0/0 23:04 2:05 4:08
Kyle Capobianco 0 0 0 0 0 0 0 0 0 0 0/0 2:29 0:00 1:47
Matt Roy 0 0 0 -1 2 0 0 0 1 0 0/0 17:38 1:53 2:10
Max McCormick 0 0 0 0 0 0 0 0 0 0 0/0 0:00 0:00 0:00
Michael Downing 0 0 0 0 0 0 0 0 0 0 0/0 0:53 0:32 0:00
Michael Ferland 1 0 1 -2 0 2 6 0 0 0 0/0 16:26 1:56 0:00
Mitch Callahan 0 0 0 0 0 1 3 0 0 0 0/0 6:35 0:00 0:00
Noah Hanifin 0 0 0 -1 0 0 0 2 0 0 0/0 18:21 1:53 3:18
Pierre-Luc Dubois 0 0 0 0 0 0 1 0 0 0 0/0 2:50 0:00 1:55
Roman Josi 0 1 1 0 0 2 3 0 0 0 0/0 23:52 1:33 5:23
Sean Walker 0 0 0 0 0 0 1 0 0 2 0/0 11:12 0:00 0:00
Teemu Hartikainen 0 0 0 1 0 0 2 0 0 0 5/12 24:05 2:02 4:25
3 Stars
1 - Lucas Lessio (Gra)
2 - Vladislav Namestnikov (Gra)
3 - Dmitri Orlov (Gra)
Power Play
Griffins - 1 on 5 Attempt(s) - 20.00%
Crunch - 0 on 2 Attempt(s) - 0.00%
Penalty Kill
Griffins - 2 on 2 Attempt(s) - 100.00%
- Score 0 goal in Penalty Kill
Crunch - 4 on 5 Attempt(s) - 80.00%
- Score 0 goal in Penalty Kill
Team Stat
Griffins - Hits : 17 - Faceoff Wins : 20 - Blocked Shots : 5 - Penalty Minutes : 4
Crunch - Hits : 33 - Faceoff Wins : 26 - Blocked Shots : 5 - Penalty Minutes : 10
Official
Referees : Steve Kozari and TJ Luxmore
Linesman : Jesse Marquis and Bevan Mills
Game Notes
No Game Note
Finance
Level 1 -- Attendance: 1875 (93.75%) -- Ticket Income $65,625
Level 2 -- Attendance: 873 (87.30%) -- Ticket Income $13,095
Total Attendance: 2748 (91.60%)
Total Ticket Income: $78,720
Other Income: $3,936
Total Income: $82,656
Griffins
5 vs 5 Forward
Center Left Wing Right Wing Time % Phy DF OF
1 Mathew Barzal Jesse Joensuu Adam Gaudette 35 1 2 2
2 Vladislav Namestnikov Lucas Lessio Danny Kristo 35 1 2 2
3 Brendan Woods Sonny Milano Martin Frk 20 1 2 2
4 Greg McKegg Garrett Wilson Troy Terry 10 1 2 2
5 vs 5 Defense
Defense Defense Time % Phy DF OF
1 Dmitri Orlov Ryan Pulock 40 1 2 2
2 Phil Oreskovic Patrick Wiercioch 30 1 2 2
3 Ian McCoshen Filip Hronek 20 1 2 2
4 Ian McCoshen Filip Hronek 10 1 2 2
PowerPlay Forward
Center Left Wing Right Wing Time % Phy DF OF
1 Mathew Barzal Lucas Lessio Danny Kristo 60 1 2 2
2 Martin Frk Jesse Joensuu Adam Gaudette 40 1 2 2
PowerPlay Defense
Defense Defense Time % Phy DF OF
1 Dmitri Orlov Ryan Pulock 60 1 2 2
2 Phil Oreskovic Sonny Milano 40 1 2 2
Penalty Kill 4 Players Forward
Center Wing Time % Phy DF OF
1 Jesse Joensuu Brendan Woods 60 1 2 2
2 Vladislav Namestnikov Danny Kristo 40 1 2 2
Penalty Kill 4 Players Defense
Defense Defense Time % Phy DF OF
1 Dmitri Orlov Ryan Pulock 60 1 2 2
2 Phil Oreskovic Patrick Wiercioch 40 1 2 2
Penalty Kill - 3 Players Forward
Forward Time % Phy DF OF
1 Brendan Woods 60 1 2 2
2 Jesse Joensuu 40 1 2 2
Penalty Kill - 3 Players Defense
Defense Defense Time % Phy DF OF
1 Dmitri Orlov Ryan Pulock 60 1 2 2
2 Phil Oreskovic Patrick Wiercioch 40 1 2 2
4 vs 4 Forward
Center Wing Time % Phy DF OF
1 Danny Kristo Jesse Joensuu 60 1 2 2
2 Mathew Barzal Lucas Lessio 40 1 2 2
4 vs 4 Defense
Defense Defense Time % Phy DF OF
1 Dmitri Orlov Ryan Pulock 60 1 2 2
2 Phil Oreskovic Patrick Wiercioch 40 1 2 2
Last Minutes Offensive
Center Left Wing Right Wing Defense Defense
Mathew Barzal Lucas Lessio Danny Kristo Dmitri Orlov Ryan Pulock
Last Minutes Defensive
Center Left Wing Right Wing Defense Defense
Jesse Joensuu Brendan Woods Danny Kristo Phil Oreskovic Patrick Wiercioch
Goaltenders
Starting : Olivier Roy
Backup : Marcus Hogberg
Extra Forwards
Normal : Jesse Joensuu, Troy Terry, Sonny Milano - PP : Troy Terry, Vladislav Namestnikov - PK : Vladislav Namestnikov
Extra Defensemen
Normal : Ian McCoshen, Filip Hronek, Ryan Pulock - PP : Ian McCoshen - PK : Filip Hronek, Ryan Pulock
Penalty Shots
Danny Kristo, Adam Gaudette, Jesse Joensuu, Brendan Woods, Lucas Lessio
Scratches
Jack Ramsey (Healthy), Jordan Weal (Healthy), Konrad Abeltshauser (Healthy), Marcus Pettersson (Healthy), Michael Bunting (Healthy)
Nikita Pavlychev (Healthy), Riley Armstrong (Broken Bone (Left Ankle) Injury), Ryan Mantha (Healthy), Tanner Kero (Healthy), Tomas Hyka (Healthy)
Ryan Lindgren (Healthy), Philippe Desrosiers (Healthy), Adam Werner (Healthy)
Crunch
5 vs 5 Forward
Center Left Wing Right Wing Time % Phy DF OF
1 Jayson Megna Teemu Hartikainen Brock Boeser 40 1 2 2
2 Dylan Strome Michael Ferland Anthony Cirelli 30 1 2 2
3 Connor Bunnaman Dalton Smith Denis Gurianov 20 1 2 2
4 Teemu Hartikainen Anatoli Golyshev Mitch Callahan 10 1 2 2
5 vs 5 Defense
Defense Defense Time % Phy DF OF
1 Roman Josi Jordan Oesterle 40 1 2 2
2 Noah Hanifin Matt Roy 30 1 2 2
3 Charles-Olivier Roussel Sean Walker 20 1 2 2
4 Jeremy Lauzon Jacob Larsson 10 1 2 2
PowerPlay Forward
Center Left Wing Right Wing Time % Phy DF OF
1 Jayson Megna Teemu Hartikainen Brock Boeser 60 1 2 2
2 Dylan Strome Michael Ferland Anthony Cirelli 40 1 2 2
PowerPlay Defense
Defense Defense Time % Phy DF OF
1 Roman Josi Jordan Oesterle 60 1 2 2
2 Noah Hanifin Matt Roy 40 1 2 2
Penalty Kill 4 Players Forward
Center Wing Time % Phy DF OF
1 Teemu Hartikainen Brock Boeser 60 1 2 2
2 Jayson Megna Anthony Cirelli 40 1 2 2
Penalty Kill 4 Players Defense
Defense Defense Time % Phy DF OF
1 Roman Josi Jordan Oesterle 60 1 2 2
2 Noah Hanifin Matt Roy 40 1 2 2
Penalty Kill - 3 Players Forward
Forward Time % Phy DF OF
1 Teemu Hartikainen 60 1 2 2
2 Brock Boeser 40 1 2 2
Penalty Kill - 3 Players Defense
Defense Defense Time % Phy DF OF
1 Roman Josi Jordan Oesterle 60 1 2 2
2 Noah Hanifin Matt Roy 40 1 2 2
4 vs 4 Forward
Center Wing Time % Phy DF OF
1 Teemu Hartikainen Brock Boeser 60 1 2 2
2 Jayson Megna Anthony Cirelli 40 1 2 2
4 vs 4 Defense
Defense Defense Time % Phy DF OF
1 Roman Josi Jordan Oesterle 60 1 2 2
2 Noah Hanifin Matt Roy 40 1 2 2
Last Minutes Offensive
Center Left Wing Right Wing Defense Defense
Jayson Megna Teemu Hartikainen Brock Boeser Roman Josi Jordan Oesterle
Last Minutes Defensive
Center Left Wing Right Wing Defense Defense
Jayson Megna Teemu Hartikainen Brock Boeser Roman Josi Jordan Oesterle
Goaltenders
Starting : Josef Korenar
Backup : Kaapo Kahkonen
Extra Forwards
Normal : Jared Staal, Max McCormick, Pierre-Luc Dubois - PP : Jared Staal, Max McCormick - PK : Pierre-Luc Dubois
Extra Defensemen
Normal : Michael Downing, Kyle Capobianco, Charles-Olivier Roussel - PP : Michael Downing - PK : Kyle Capobianco, Charles-Olivier Roussel
Penalty Shots
Teemu Hartikainen, Brock Boeser, Jayson Megna, Anthony Cirelli, Michael Ferland
Scratches
Christoffer Ehn (Bruised Right Shoulder Injury)
% Time on Ice - Griffins
Lines # - Real PCT - Wanted PCT - Time Play
Normal Forward
1 - 29% - 35% - 13:42
2 - 30% - 35% - 14:03
3 - 23% - 20% - 10:46
4 - 19% - 10% - 8:50
Normal Defense
1 - 37% - 40% - 17:41
2 - 33% - 30% - 15:50
3 - 21% - 20% - 9:55
4 - 8% - 10% - 3:55
PP Forward
1 - 58% - 60% - 5:04
2 - 42% - 40% - 3:37
PP Defense
1 - 64% - 60% - 5:31
2 - 36% - 40% - 3:10
PK Forward
1 - 79% - 60% - 3:07
2 - 21% - 40% - 0:51
PK Defense
1 - 52% - 60% - 2:03
2 - 48% - 40% - 1:55
PK3 Forward
1 - 0% - 60%
2 - 0% - 40%
PK3 Defense
1 - 0% - 60%
2 - 0% - 40%
44 Forward
1 - 0% - 60%
2 - 0% - 40%
44 Defense
1 - 0% - 60%
2 - 0% - 40%
Last Minute Offensive - 0:00
Last Minute Defensive - 0:00
Total
Forward - 60:00
Defense - 60:00
|
% Time on Ice - Crunch
Lines # - Real PCT - Wanted PCT - Time Play
Normal Forward
1 - 28% - 40% - 13:26
2 - 31% - 30% - 14:30
3 - 27% - 20% - 12:50
4 - 14% - 10% - 6:35
Normal Defense
1 - 37% - 40% - 17:17
2 - 28% - 30% - 13:10
3 - 24% - 20% - 11:12
4 - 12% - 10% - 5:42
PP Forward
1 - 51% - 60% - 2:02
2 - 49% - 40% - 1:56
PP Defense
1 - 53% - 60% - 2:05
2 - 47% - 40% - 1:53
PK Forward
1 - 70% - 60% - 6:03
2 - 30% - 40% - 2:38
PK Defense
1 - 62% - 60% - 5:23
2 - 38% - 40% - 3:18
PK3 Forward
1 - 0% - 60%
2 - 0% - 40%
PK3 Defense
1 - 0% - 60%
2 - 0% - 40%
44 Forward
1 - 0% - 60%
2 - 0% - 40%
44 Defense
1 - 0% - 60%
2 - 0% - 40%
Last Minute Offensive - 0:00
Last Minute Defensive - 0:00
Total
Forward - 60:00
Defense - 60:00
|
Play-by-Play
1st period
0:01 of 1st period - Jayson Megna wins face-off versus Jesse Joensuu in neutral zone.
0:26 of 1st period - Danny Kristo is hit by Michael Ferland and loses puck.
1:15 of 1st period - Snap shot by Teemu Hartikainen.
1:15 of 1st period - Shot Misses the Net.
1:37 of 1st period - Snap shot by Dylan Strome.
1:37 of 1st period - Stopped by Olivier Roy with a rebound.
2:45 of 1st period - Adam Gaudette is hit by Jayson Megna and loses puck.
3:15 of 1st period - Off-side.
3:16 of 1st period - Dalton Smith wins face-off versus Brendan Woods in neutral zone.
3:19 of 1st period - Slapshot by Roman Josi.
3:19 of 1st period - Deflect By Martin Frk.
3:19 of 1st period - Stopped by Olivier Roy without a rebound.
3:20 of 1st period - Connor Bunnaman wins face-off versus Sonny Milano in Griffins zone.
3:31 of 1st period - Slapshot by Denis Gurianov.
3:31 of 1st period - Stopped by Olivier Roy without a rebound.
3:32 of 1st period - Jayson Megna wins face-off versus Vladislav Namestnikov in Griffins zone.
3:59 of 1st period - Roman Josi is hit by Mathew Barzal and loses puck.
4:26 of 1st period - Snap shot by Troy Terry.
4:26 of 1st period - Deflect By Greg McKegg.
4:26 of 1st period - Shot Blocked by Jacob Larsson.
4:26 of 1st period - Puck is out of play.
4:27 of 1st period - Vladislav Namestnikov wins face-off versus Jayson Megna in Crunch zone.
4:53 of 1st period - Jesse Joensuu is hit by Michael Ferland and loses puck.
6:00 of 1st period - Vladislav Namestnikov is hit by Mitch Callahan and loses puck.
6:11 of 1st period - Slapshot by Denis Gurianov.
6:11 of 1st period - Shot Misses the Net.
6:13 of 1st period - Snap shot by Connor Bunnaman.
6:13 of 1st period - Stopped by Olivier Roy with a rebound.
7:31 of 1st period - Slapshot by Michael Ferland.
7:31 of 1st period - Shot Misses the Net.
7:43 of 1st period - Slapshot by Patrick Wiercioch.
7:43 of 1st period - Stopped by Josef Korenar with a rebound.
9:40 of 1st period - Slapshot by Adam Gaudette.
9:40 of 1st period - Stopped by Josef Korenar with a rebound.
9:42 of 1st period - Snap shot by Jesse Joensuu.
9:42 of 1st period - Shot Misses the Net.
9:44 of 1st period - Snap shot by Mathew Barzal.
9:44 of 1st period - Shot Misses the Net.
10:08 of 1st period - Anthony Cirelli is hit by Vladislav Namestnikov and loses puck.
10:13 of 1st period - Snap shot by Vladislav Namestnikov.
10:13 of 1st period - Stopped by Josef Korenar with a rebound.
10:15 of 1st period - Snap shot by Vladislav Namestnikov.
10:15 of 1st period - Goal by Vladislav Namestnikov - Griffins : 1 - Crunch : 0.
10:16 of 1st period - Jayson Megna wins face-off versus Mathew Barzal in neutral zone.
11:35 of 1st period - Backhand shot by Jesse Joensuu.
11:35 of 1st period - Stopped by Josef Korenar with a rebound.
11:37 of 1st period - Snap shot by Jesse Joensuu.
11:37 of 1st period - Stopped by Josef Korenar with a rebound.
12:07 of 1st period - Sean Walker is hit by Filip Hronek and loses puck.
12:56 of 1st period - Troy Terry is hit by Mitch Callahan and loses puck.
13:28 of 1st period - Wrist shot by Adam Gaudette.
13:28 of 1st period - Shot Misses the Net.
13:44 of 1st period - Snap shot by Sonny Milano.
13:44 of 1st period - Deflect By Martin Frk.
13:44 of 1st period - Deflect By Jayson Megna.
13:44 of 1st period - Shot Misses the Net.
13:44 of 1st period - Puck is out of play.
13:45 of 1st period - Connor Bunnaman wins face-off versus Vladislav Namestnikov in Crunch zone.
13:50 of 1st period - Snap shot by Denis Gurianov.
13:50 of 1st period - Stopped by Olivier Roy without a rebound.
13:51 of 1st period - Vladislav Namestnikov wins face-off versus Connor Bunnaman in Griffins zone.
14:03 of 1st period - Minor Penalty to Dalton Smith for Hooking.
14:04 of 1st period - Teemu Hartikainen wins face-off versus Mathew Barzal in Crunch zone.
14:12 of 1st period - Snap shot by Mathew Barzal.
14:12 of 1st period - Stopped by Josef Korenar without a rebound.
14:13 of 1st period - Brock Boeser wins face-off versus Mathew Barzal in Crunch zone.
14:36 of 1st period - Wrist shot by Danny Kristo.
14:36 of 1st period - Stopped by Josef Korenar with a rebound.
14:44 of 1st period - Snap shot by Danny Kristo.
14:44 of 1st period - Deflect By Lucas Lessio.
14:44 of 1st period - Stopped by Josef Korenar with a rebound.
14:46 of 1st period - Snap shot by Ryan Pulock.
14:46 of 1st period - Stopped by Josef Korenar with a rebound.
14:48 of 1st period - Snap shot by Lucas Lessio.
14:48 of 1st period - Goal by Lucas Lessio - Griffins : 2 - Crunch : 0.
14:49 of 1st period - Dylan Strome wins face-off versus Mathew Barzal in neutral zone.
15:06 of 1st period - Ryan Pulock is hit by Michael Ferland and loses puck.
15:27 of 1st period - Snap shot by Adam Gaudette.
15:27 of 1st period - Stopped by Josef Korenar without a rebound.
15:28 of 1st period - Vladislav Namestnikov wins face-off versus Jayson Megna in Crunch zone.
15:31 of 1st period - Snap shot by Danny Kristo.
15:31 of 1st period - Shot Misses the Net.
16:19 of 1st period - Dalton Smith is hit by Phil Oreskovic and loses puck.
17:18 of 1st period - Ryan Pulock is hit by Teemu Hartikainen.
17:39 of 1st period - Icing by Jordan Oesterle.
17:40 of 1st period - Connor Bunnaman wins face-off versus Vladislav Namestnikov in Crunch zone.
17:40 of 1st period - Connor Bunnaman is hit by Lucas Lessio.
18:07 of 1st period - Icing by Brock Boeser.
18:08 of 1st period - Mathew Barzal wins face-off versus Jayson Megna in Crunch zone.
18:25 of 1st period - Wrist shot by Teemu Hartikainen.
18:25 of 1st period - Shot Misses the Net.
19:13 of 1st period - Minor Penalty to Dmitri Orlov for Hooking.
19:14 of 1st period - Jesse Joensuu wins face-off versus Jayson Megna in Griffins zone.
19:29 of 1st period - Snap shot by Brock Boeser.
19:29 of 1st period - Shot Misses the Net.
Goals for this period are 2 for Griffins vs 0 for Crunch.
Shots for this period are 12 for Griffins vs 5 for Crunch.
2nd period
0:01 of 2nd period - Jayson Megna wins face-off versus Jesse Joensuu in neutral zone.
1:00 of 2nd period - Slapshot by Vladislav Namestnikov.
1:00 of 2nd period - Shot Misses the Net.
1:13 of 2nd period - Penalty to Dmitri Orlov is over, Dmitri Orlov is back on ice.
1:21 of 2nd period - Off-side.
1:22 of 2nd period - Connor Bunnaman wins face-off versus Greg McKegg in neutral zone.
1:24 of 2nd period - Off-side.
1:25 of 2nd period - Connor Bunnaman wins face-off versus Greg McKegg in neutral zone.
1:40 of 2nd period - Slapshot by Dalton Smith.
1:40 of 2nd period - Stopped by Olivier Roy without a rebound.
1:41 of 2nd period - Mathew Barzal wins face-off versus Jayson Megna in Griffins zone.
2:16 of 2nd period - Snap shot by Lucas Lessio.
2:16 of 2nd period - Shot Misses the Net.
2:18 of 2nd period - Wrist shot by Danny Kristo.
2:18 of 2nd period - Deflect By Lucas Lessio.
2:18 of 2nd period - Shot Misses the Net.
2:18 of 2nd period - Puck is out of play.
2:19 of 2nd period - Jayson Megna wins face-off versus Mathew Barzal in Crunch zone.
2:32 of 2nd period - Wrist shot by Jesse Joensuu.
2:32 of 2nd period - Deflect By Adam Gaudette.
2:32 of 2nd period - Stopped by Josef Korenar with a rebound.
2:44 of 2nd period - Filip Hronek is hit by Michael Ferland and loses puck.
3:31 of 2nd period - Wrist shot by Troy Terry.
3:31 of 2nd period - Stopped by Josef Korenar with a rebound.
3:49 of 2nd period - Slapshot by Lucas Lessio.
3:49 of 2nd period - Shot Misses the Net.
4:15 of 2nd period - Slapshot by Michael Ferland.
4:15 of 2nd period - Stopped by Olivier Roy with a rebound.
5:02 of 2nd period - Michael Ferland is hit by Garrett Wilson and loses puck.
5:52 of 2nd period - Snap shot by Brock Boeser.
5:52 of 2nd period - Stopped by Olivier Roy without a rebound.
5:53 of 2nd period - Vladislav Namestnikov wins face-off versus Jayson Megna in Griffins zone.
5:53 of 2nd period - Vladislav Namestnikov is hit by Brock Boeser.
7:01 of 2nd period - Brendan Woods is hit by Jayson Megna and loses puck.
7:22 of 2nd period - Patrick Wiercioch is hit by Michael Ferland.
7:55 of 2nd period - Ian McCoshen is hit by Jacob Larsson and loses puck.
8:20 of 2nd period - Snap shot by Danny Kristo.
8:20 of 2nd period - Shot Misses the Net.
8:50 of 2nd period - Wrist shot by Jesse Joensuu.
8:50 of 2nd period - Stopped by Josef Korenar without a rebound.
8:51 of 2nd period - Mathew Barzal wins face-off versus Teemu Hartikainen in Crunch zone.
9:00 of 2nd period - Wrist shot by Anatoli Golyshev.
9:00 of 2nd period - Stopped by Olivier Roy with a rebound.
9:02 of 2nd period - Slapshot by Roman Josi.
9:02 of 2nd period - Stopped by Olivier Roy without a rebound.
9:03 of 2nd period - Dylan Strome wins face-off versus Mathew Barzal in Griffins zone.
9:30 of 2nd period - Danny Kristo is hit by Jayson Megna and loses puck.
9:51 of 2nd period - Garrett Wilson is hit by Dalton Smith and loses puck.
9:58 of 2nd period - Matt Roy is hit by Filip Hronek and loses puck.
10:19 of 2nd period - Snap shot by Dmitri Orlov.
10:19 of 2nd period - Goal by Dmitri Orlov - Griffins : 3 - Crunch : 0.
10:20 of 2nd period - Jayson Megna wins face-off versus Mathew Barzal in neutral zone.
10:25 of 2nd period - Snap shot by Brock Boeser.
10:25 of 2nd period - Stopped by Olivier Roy with a rebound.
10:27 of 2nd period - Snap shot by Jordan Oesterle.
10:27 of 2nd period - Shot Blocked by Ryan Pulock.
10:51 of 2nd period - Wrist shot by Dalton Smith.
10:51 of 2nd period - Stopped by Olivier Roy without a rebound.
10:52 of 2nd period - Dalton Smith wins face-off versus Vladislav Namestnikov in Griffins zone.
10:55 of 2nd period - Snap shot by Denis Gurianov.
10:55 of 2nd period - Shot Blocked by Patrick Wiercioch.
10:57 of 2nd period - Slapshot by Charles-Olivier Roussel.
10:57 of 2nd period - Shot Misses the Net.
10:59 of 2nd period - Slapshot by Sean Walker.
10:59 of 2nd period - Shot Blocked by Patrick Wiercioch.
11:28 of 2nd period - Wrist shot by Denis Gurianov.
11:28 of 2nd period - Stopped by Olivier Roy without a rebound.
11:29 of 2nd period - Mathew Barzal wins face-off versus Jayson Megna in Griffins zone.
11:54 of 2nd period - Dylan Strome is hit by Martin Frk and loses puck.
12:01 of 2nd period - Snap shot by Sonny Milano.
12:01 of 2nd period - Stopped by Josef Korenar with a rebound.
12:19 of 2nd period - Teemu Hartikainen is hit by Garrett Wilson and loses puck.
12:42 of 2nd period - Slapshot by Lucas Lessio.
12:42 of 2nd period - Shot Blocked by Noah Hanifin.
12:54 of 2nd period - Wrist shot by Mathew Barzal.
12:54 of 2nd period - Shot Blocked by Noah Hanifin.
12:56 of 2nd period - Wrist shot by Jesse Joensuu.
12:56 of 2nd period - Stopped by Josef Korenar without a rebound.
12:57 of 2nd period - Dylan Strome wins face-off versus Mathew Barzal in Crunch zone.
13:10 of 2nd period - Slapshot by Jesse Joensuu.
13:10 of 2nd period - Deflect By Mathew Barzal.
13:10 of 2nd period - Shot Misses the Net.
13:10 of 2nd period - Puck is out of play.
13:11 of 2nd period - Jayson Megna wins face-off versus Vladislav Namestnikov in Crunch zone.
13:18 of 2nd period - Roman Josi is hit by Ryan Pulock and loses puck.
13:24 of 2nd period - Minor Penalty to Jayson Megna for Hooking.
13:25 of 2nd period - Mathew Barzal wins face-off versus Teemu Hartikainen in Crunch zone.
13:27 of 2nd period - Wrist shot by Lucas Lessio.
13:27 of 2nd period - Shot Blocked by Jordan Oesterle.
13:29 of 2nd period - Snap shot by Mathew Barzal.
13:29 of 2nd period - Stopped by Josef Korenar with a rebound.
13:31 of 2nd period - Slapshot by Danny Kristo.
13:31 of 2nd period - Stopped by Josef Korenar with a rebound.
15:23 of 2nd period - Jordan Oesterle is hit by Lucas Lessio and loses puck.
15:24 of 2nd period - Penalty to Jayson Megna is over, Jayson Megna is back on ice.
15:57 of 2nd period - Slapshot by Anatoli Golyshev.
15:57 of 2nd period - Stopped by Olivier Roy without a rebound.
15:58 of 2nd period - Teemu Hartikainen wins face-off versus Brendan Woods in Griffins zone.
15:59 of 2nd period - Wrist shot by Mitch Callahan.
15:59 of 2nd period - Stopped by Olivier Roy without a rebound.
16:00 of 2nd period - Martin Frk wins face-off versus Teemu Hartikainen in Griffins zone.
16:21 of 2nd period - Jesse Joensuu is hit by Dylan Strome and loses puck.
16:30 of 2nd period - Snap shot by Dylan Strome.
16:30 of 2nd period - Stopped by Olivier Roy without a rebound.
16:31 of 2nd period - Jayson Megna wins face-off versus Vladislav Namestnikov in Griffins zone.
16:38 of 2nd period - Charles-Olivier Roussel is hit by Danny Kristo and loses puck.
16:57 of 2nd period - Adam Gaudette is hit by Sean Walker and loses puck.
17:08 of 2nd period - Adam Gaudette is hit by Dylan Strome and loses puck.
17:25 of 2nd period - Connor Bunnaman is hit by Brendan Woods and loses puck.
17:36 of 2nd period - Patrick Wiercioch is hit by Dalton Smith.
17:48 of 2nd period - Slapshot by Jayson Megna.
17:48 of 2nd period - Stopped by Olivier Roy with a rebound.
18:03 of 2nd period - Patrick Wiercioch is hit by Roman Josi and loses puck.
18:06 of 2nd period - Minor Penalty to Jordan Oesterle for Hooking.
18:07 of 2nd period - Teemu Hartikainen wins face-off versus Mathew Barzal in Crunch zone.
18:50 of 2nd period - Lucas Lessio is hit by Anthony Cirelli and loses puck.
19:17 of 2nd period - Dmitri Orlov is hit by Dalton Smith and loses puck.
19:39 of 2nd period - Icing by Jesse Joensuu.
19:40 of 2nd period - Jayson Megna wins face-off versus Mathew Barzal in Griffins zone.
Goals for this period are 1 for Griffins vs 0 for Crunch.
Shots for this period are 8 for Griffins vs 12 for Crunch.
3rd period
0:01 of 3rd period - Mathew Barzal wins face-off versus Teemu Hartikainen in neutral zone.
0:06 of 3rd period - Penalty to Jordan Oesterle is over, Jordan Oesterle is back on ice.
0:06 of 3rd period - Snap shot by Mathew Barzal.
0:06 of 3rd period - Shot Misses the Net.
0:26 of 3rd period - Dmitri Orlov is hit by Anthony Cirelli and loses puck.
0:45 of 3rd period - Wrist shot by Dalton Smith.
0:45 of 3rd period - Shot Blocked by Patrick Wiercioch.
0:47 of 3rd period - Minor Penalty to Garrett Wilson for Holding.
0:48 of 3rd period - Jesse Joensuu wins face-off versus Jayson Megna in Griffins zone.
1:25 of 3rd period - Vladislav Namestnikov is hit by Michael Ferland and loses puck.
2:34 of 3rd period - Ryan Pulock is hit by Dylan Strome and loses puck.
2:47 of 3rd period - Penalty to Garrett Wilson is over, Garrett Wilson is back on ice.
2:53 of 3rd period - Snap shot by Denis Gurianov.
2:53 of 3rd period - Stopped by Olivier Roy with a rebound.
3:42 of 3rd period - Slapshot by Ian McCoshen.
3:42 of 3rd period - Deflect By Brock Boeser.
3:42 of 3rd period - Stopped by Josef Korenar with a rebound.
3:44 of 3rd period - Slapshot by Ian McCoshen.
3:44 of 3rd period - Shot Misses the Net.
4:02 of 3rd period - Michael Ferland is hit by Greg McKegg and loses puck.
4:17 of 3rd period - Matt Roy is hit by Lucas Lessio and loses puck.
4:28 of 3rd period - Wrist shot by Adam Gaudette.
4:28 of 3rd period - Stopped by Josef Korenar without a rebound.
4:29 of 3rd period - Jesse Joensuu wins face-off versus Connor Bunnaman in Crunch zone.
5:40 of 3rd period - Minor Penalty to Jayson Megna for Holding.
5:41 of 3rd period - Mathew Barzal wins face-off versus Teemu Hartikainen in Crunch zone.
5:41 of 3rd period - Snap shot by Danny Kristo.
5:41 of 3rd period - Stopped by Josef Korenar with a rebound.
5:43 of 3rd period - Slapshot by Danny Kristo.
5:43 of 3rd period - Shot Misses the Net.
6:07 of 3rd period - Dmitri Orlov is hit by Pierre-Luc Dubois and loses puck.
6:50 of 3rd period - Danny Kristo is hit by Dylan Strome and loses puck.
7:23 of 3rd period - Adam Gaudette is hit by Roman Josi and loses puck.
7:40 of 3rd period - Penalty to Jayson Megna is over, Jayson Megna is back on ice.
9:02 of 3rd period - Sonny Milano is hit by Roman Josi.
10:12 of 3rd period - Adam Gaudette is hit by Teemu Hartikainen and loses puck.
10:30 of 3rd period - Greg McKegg is hit by Dylan Strome and loses puck.
10:39 of 3rd period - Dylan Strome is hit by Garrett Wilson.
11:31 of 3rd period - Icing by Noah Hanifin.
11:32 of 3rd period - Teemu Hartikainen wins face-off versus Brendan Woods in Crunch zone.
11:35 of 3rd period - Snap shot by Sonny Milano.
11:35 of 3rd period - Shot Hit the Post.
11:37 of 3rd period - Wrist shot by Martin Frk.
11:37 of 3rd period - Shot Blocked by Jeremy Lauzon.
11:39 of 3rd period - Wrist shot by Sonny Milano.
11:39 of 3rd period - Stopped by Josef Korenar with a rebound.
11:41 of 3rd period - Wrist shot by Filip Hronek.
11:41 of 3rd period - Stopped by Josef Korenar with a rebound.
11:43 of 3rd period - Wrist shot by Sonny Milano.
11:43 of 3rd period - Stopped by Josef Korenar without a rebound.
11:44 of 3rd period - Vladislav Namestnikov wins face-off versus Dylan Strome in Crunch zone.
11:45 of 3rd period - Wrist shot by Danny Kristo.
11:45 of 3rd period - Stopped by Josef Korenar with a rebound.
12:00 of 3rd period - Snap shot by Danny Kristo.
12:00 of 3rd period - Stopped by Josef Korenar without a rebound.
12:01 of 3rd period - Mathew Barzal wins face-off versus Jayson Megna in Crunch zone.
12:22 of 3rd period - Minor Penalty to Matt Roy for Goalie Interference.
12:23 of 3rd period - Danny Kristo wins face-off versus Teemu Hartikainen in Crunch zone.
12:25 of 3rd period - Snap shot by Lucas Lessio.
12:25 of 3rd period - Stopped by Josef Korenar without a rebound.
12:26 of 3rd period - Teemu Hartikainen wins face-off versus Mathew Barzal in Crunch zone.
13:54 of 3rd period - Snap shot by Jayson Megna.
13:54 of 3rd period - Shot Misses the Net.
14:22 of 3rd period - Penalty to Matt Roy is over, Matt Roy is back on ice.
14:57 of 3rd period - Wrist shot by Michael Ferland.
14:57 of 3rd period - Shot Misses the Net.
14:59 of 3rd period - Slapshot by Dylan Strome.
14:59 of 3rd period - Shot Misses the Net.
15:01 of 3rd period - Snap shot by Dylan Strome.
15:01 of 3rd period - Stopped by Olivier Roy without a rebound.
15:02 of 3rd period - Brendan Woods wins face-off versus Dylan Strome in Griffins zone.
15:52 of 3rd period - Ian McCoshen is hit by Dalton Smith and loses puck.
15:59 of 3rd period - Wrist shot by Denis Gurianov.
15:59 of 3rd period - Shot Misses the Net.
16:01 of 3rd period - Slapshot by Sean Walker.
16:01 of 3rd period - Shot Blocked by Filip Hronek.
16:23 of 3rd period - Wrist shot by Lucas Lessio.
16:23 of 3rd period - Stopped by Josef Korenar without a rebound.
16:24 of 3rd period - Jayson Megna wins face-off versus Mathew Barzal in Crunch zone.
17:32 of 3rd period - Phil Oreskovic is hit by Mitch Callahan and loses puck.
19:13 of 3rd period - Snap shot by Michael Ferland.
19:13 of 3rd period - Goal by Michael Ferland - Griffins : 3 - Crunch : 1.
19:14 of 3rd period - Brendan Woods wins face-off versus Teemu Hartikainen in neutral zone.
19:39 of 3rd period - Brock Boeser is hit by Vladislav Namestnikov and loses puck.
19:50 of 3rd period - Danny Kristo is hit by Jayson Megna and loses puck.
Goals for this period are 0 for Griffins vs 1 for Crunch.
Shots for this period are 10 for Griffins vs 3 for Crunch.